 Dungeon Crawl Stone Soup version 0.29.0-4-gdea44cf6ec (webtiles) character file.

Game seed: 9873541802031131888

31355 qw the Severer (level 13, -1/122 HPs)
             Began as a Minotaur Berserker on Sept 4, 2022.
             Was an Elder of Trog.
             Slain by a four-headed hydra (3 damage)
             ... while petrified by a catoblepas
             ... on level 4 of the Lair of Beasts.
             The game lasted 00:05:14 (16357 turns).

qw the Severer (Minotaur Berserker)                Turns: 16357, Time: 00:05:14

Health: -1/122     AC: 36    Str: 26    XL:     13   Next: 25%
Magic:  12/12      EV:  2    Int:  8    God:    Trog [****..]
Gold:   931        SH:  0    Dex: 17    Spells: 12/12 levels left

rFire   x . .      SeeInvis .   r - +0 morningstar
rCold   . . .      Faith    .   b - +0 buckler
rNeg    + + +      Spirit   .   k - +9 crystal plate armour "Jomem" {rPois rF- Int+4 Dex+6}
rPois   inf        Reflect  .   (helmet restricted)
rElec   .          Harm     .   (no cloak)
rCorr   .          Rampage  .   c - +2 pair of gloves
Will    .....                   g - +1 pair of boots
Stlth   ..........              (no amulet)
HPRegen 0.30/turn               f - +4 ring of slaying {mikee}
MPRegen 0.13/turn               s - +4 ring of evasion

@: petrified, on berserk cooldown, slowed
A: horns 2, retaliatory headbutt
a: Renounce Religion, Berserk, Trog's Hand, Brothers in Arms


You were on level 4 of the Lair of Beasts.
You worshipped Trog.
Trog was greatly pleased with you.
You visited 2 branches of the dungeon, and saw 14 of its levels.

You collected 931 gold pieces.


Innate Abilities, Weirdness & Mutations

You have a pair of horns on your head.
You reflexively headbutt those who attack you in melee.


   Skills:
 - Level 13.2 Fighting
 + Level 17.9 Axes
 - Level 2.5 Throwing
 - Level 12.0 Armour
 - Level 5.4 Dodging
 - Level 9.1 Shields


You had 12 spell levels left.
You didn't know any spells.
Your spell library was empty.

Inventory:

Hand Weapons
 r - a +0 morningstar (weapon)
 Y - a +0 broad axe
Missiles
 d - a boomerang (quivered)
Armour
 b - a +0 buckler (worn)
 c - a +2 pair of gloves (worn)
 g - a +1 pair of boots (worn)
 k - the +9 crystal plate armour "Jomem" (worn) {rPois rF- Int+4 Dex+6}
   (You acquired it on level 3 of the Lair of Beasts)

   Int:       It affects your intelligence (+4).
   Dex:       It affects your dexterity (+6).
   rF:        It makes you vulnerable to fire.
   rPois:     It protects you from poison.
Jewellery
 f - a +4 ring of slaying (left hand) {mikee}
 j - a ring of poison resistance
 s - a +4 ring of evasion (right hand)
Scrolls
 h - 13 scrolls of teleportation
 p - a scroll of identify
Potions
 a - a potion of might
 e - 9 potions of curing
 i - 2 potions of mutation
 n - 3 potions of haste
 o - a potion of cancellation {unknown}
 q - 2 potions of resistance

Dungeon Overview and Level Annotations

Branches:
Dungeon (10/15)            Temple (0/1) D:6            Lair (4/5) D:10
 Shoals (0/4) Lair:2       Spider (0/4) Lair:2
  Slime: Lair:4-5       Orc: D:9-12

Altars:
Ashenzari
Fedhas
Kikubaaqudgha
Qazlal
Sif Muna
Xom
Zin
The Shining One

Annotations:
D:4 2 transporters, qw's ghost, amateur GrBe


Message History

The four-headed hydra barely misses you.
The cane toad stings your two-headed ogre!!
Your two-headed ogre looks as sick as possible!
The cane toad poisons your two-headed ogre!
The catoblepas gores you!
The wolf bites you but does no damage. x2
The cane toad stings your two-headed ogre!
The four-headed hydra bites you.
The four-headed hydra bites you but does no damage. x3
The catoblepas gores you but does no damage.
The wolf bites you but does no damage.
The cane toad stings your two-headed ogre!
The four-headed hydra bites you but does no damage. x4
The catoblepas gores you! The wolf bites you but does no damage.
The wolf bites you but does no damage.
The cane toad stings you but does no damage.
The four-headed hydra bites you but does no damage. x4
The catoblepas breathes a plume of calcifying dust at you.
The blast of calcifying dust hits you but does no damage.
The blast of calcifying dust hits your two-headed ogre.
You are engulfed in calcifying dust.
The wolf bites you but does no damage. The cane toad barely misses you.
Your two-headed ogre is engulfed in calcifying dust.
The wolf bites you but does no damage.
The four-headed hydra bites you but does no damage. x3
The four-headed hydra bites you. The catoblepas gores you.
You are engulfed in calcifying dust.
The wolf bites you but does no damage. The cane toad stings you!
Your two-headed ogre is engulfed in calcifying dust.
The four-headed hydra bites you but does no damage. x4
The wolf bites you but does no damage.
Your two-headed ogre is engulfed in calcifying dust.
The catoblepas gores you but does no damage.
The cane toad stings you but does no damage.
You are engulfed in calcifying dust.
The wolf bites you but does no damage.
Your two-headed ogre is engulfed in calcifying dust.
The cane toad stings you!
The four-headed hydra bites you but does no damage.
The four-headed hydra bites you!
You die...

........## ........P#
.........# ........##
.......#### ..........#
#### ..........###..##
...............P####
..!...........¤O@Yh##
...............hFD..##
................F...%#
..................%%%.#
.......##...##.........#
......##..~..##..........
/..?.##..~~~..##...........
..~~~~~ #............
.............


You could see a catoblepas (ally target), a four-headed hydra, a cane toad, 2
wolves, a bullfrog and a friendly two-headed ogre (summoned, berserk, petrified,
very poisoned).

Vanquished Creatures
  Erolcha (D:9)
  2 two-headed ogres
  5 death yaks (Lair:3)
  Pikel (D:8)
  2 black mambas (Lair:1)
  4 elephants (Lair:4)
  7 cane toads
  A torpor snail (Lair:1)
  A kobold demonologist (D:9)
  A rime drake (Lair:2)
  5 komodo dragons
  A troll (D:10)
  3 hornets
  A polar bear (Lair:1)
  A tarantella (Lair:2)
  A snapping turtle (Lair:2)
  13 blink frogs
  Sigmund (D:4)
  2 wyverns
  45 yaks
  3 basilisks
  An acid dragon (D:10)
  8 water moccasins
  An ice beast (D:6)
  A hornet zombie (D:5)
  3 orc warriors
  2 sky beasts
  3 black bears
  16 wolves
  4 ogres
  2 centaurs
  A lemure (D:8)
  3 phantoms
  3 kobold brigands
  12 bullfrogs
  5 scorpions
  2 necrophages
  2 gnoll sergeants
  A water moccasin zombie (D:5)
  4 wights (D:9)
  4 killer bees
  An electric eel (D:10)
  A bullfrog zombie (D:5)
  3 howler monkeys (D:7)
  4 hounds
  5 jellies
  2 centaur skeletons (D:5)
  2 gnoll boudas
  10 orc priests
  2 bullfrog skeletons (D:5)
  2 scorpion zombies (D:5)
  4 iguanas
  Natasha (thrice) (D:3)
  9 orc wizards
  A killer bee zombie (D:5)
  2 hound zombies (D:5)
  3 hound skeletons (D:5)
  21 gnolls
  6 adders
  3 shadow imps (D:4)
  5 white imps (D:4)
  4 ufetubi
  A worm (D:5)
  11 dart slugs
  34 orcs
  6 ball pythons
  9 bats
  8 endoplasms
  5 giant cockroaches
  15 goblins
  6 hobgoblins
  10 jackals
  4 quokkas
  3 frilled lizards
  17 kobolds
  2 rats
  A bush (Lair:1)
404 creatures vanquished.

Vanquished Creatures (collateral kills)
  A two-headed ogre (D:9)
  An obsidian statue (D:10)
  A blink frog (Lair:2)
  A wolf (Lair:4)
  A killer bee (D:10)
  A hell rat (Lair:4)
6 creatures vanquished.

Vanquished Creatures (others)
  5 dream sheep (D:5)
  A bush (Lair:3)
  A demonic plant (D:4)
  20 fungi
  24 plants
  17 withered plants (D:5)
68 creatures vanquished.

Grand Total: 478 creatures vanquished

Notes
Turn   | Place    | Note
-------+----------+-------------------------------------------
     0 | D:1      | qw the Minotaur Berserker began the quest for the Orb.
     0 | D:1      | Reached XP level 1. HP: 19/19 MP: 0/0
     0 | D:1      | 0 ||| qw: Version: 0.1-a-103-gd6f5d3a
     0 | D:1      | 0 ||| qw: Game counter: 5763
     0 | D:1      | 0 ||| qw: Always use a shield: true
     0 | D:1      | 0 ||| qw: Do Orc after D:15 true
     0 | D:1      | 0 ||| qw: Do second Lair branch before Depths: true
     0 | D:1      | 0 ||| qw: Lair rune preference: random
     0 | D:1      | 0 ||| qw: Plans: Normal
     0 | D:1      | 0 ||| PLANNING D:1-11
    51 | D:1      | 51 ||| Stepping ~*~*~tactically~*~*~ (stealth).
    54 | D:1      | Reached skill level 4 in Axes
   132 | D:1      | 132 ||| Stepping ~*~*~tactically~*~*~ (stealth).
   325 | D:1      | Reached XP level 2. HP: 26/26 MP: 1/1
   360 | D:1      | 360 ||| Stepping ~*~*~tactically~*~*~ (stealth).
   759 | D:1      | Reached skill level 5 in Axes
   803 | D:1      | Found a faded altar of an unknown god.
  1047 | D:1      | 1047 ||| UPGRADING to +0 scale mail.
  1057 | D:1      | 1057 ||| DROPPING +0 animal skin.
  1058 | D:1      | 1058 ||| UPGRADING to +6 ring of dexterity.
  1059 | D:1      | 1059 ||| READING scroll labelled SABUIG JAYFE.
  1060 | D:1      | 1060 ||| READING scroll labelled AWKETE DYOMOASIUVE.
  1063 | D:1      | 1063 ||| READING scroll labelled PAUBOI EHUXTO.
  1064 | D:1      | 1064 ||| READING scroll labelled KELOPP PEUDD.
  1065 | D:1      | 1065 ||| READING scroll labelled BEMAOH LIPN.
  1119 | D:2      | Reached XP level 3. HP: 30/31 MP: 2/2
  1191 | D:2      | Reached ** piety under Trog
  1362 | D:2      | 1362 ||| DROPPING +0 club.
  1980 | D:2      | 1980 ||| READING scroll labelled OSIKHL GILI.
  1981 | D:2      | 1981 ||| READING 4 scrolls labelled BOSOSI LUYHA.
  1982 | D:2      | 1982 ||| READING scroll labelled JEEFYMUZOE.
  1983 | D:2      | 1983 ||| READING scroll labelled QIYJUI XUCK.
  2084 | D:2      | 2084 ||| DRINKING 2 fizzy emerald potions.
  2085 | D:2      | 2085 ||| DROPPING 3 scrolls of amnesia.
  2224 | D:3      | Noticed Natasha
  2226 | D:3      | Noticed a scorpion
  2227 | D:3      | 2227 ||| INVOKING Berserk.
  2228 | D:3      | 2228 ||| INVOKING Berserk.
  2232 | D:3      | Killed Natasha
  2233 | D:3      | Reached skill level 6 in Axes
  2233 | D:3      | Reached XP level 4. HP: 39/39 MP: 3/3
  2233 | D:3      | Killed a scorpion
  2234 | D:3      | Reached skill level 7 in Axes
  2234 | D:3      | Reached XP level 5. HP: 45/45 MP: 4/4
  2288 | D:3      | Noticed Natasha
  2292 | D:3      | 2292 ||| INVOKING Berserk.
  2294 | D:3      | Killed Natasha
  2504 | D:3      | 2504 ||| Stepping ~*~*~tactically~*~*~ (hiding).
  2505 | D:3      | 2505 ||| Stepping ~*~*~tactically~*~*~ (hiding).
  2618 | D:3      | Noticed Natasha
  2622 | D:3      | 2622 ||| INVOKING Berserk.
  2625 | D:3      | Killed Natasha
  2869 | D:3      | Reached *** piety under Trog
  3112 | D:3      | Noticed an ogre
  3114 | D:3      | Reached XP level 6. HP: 52/52 MP: 5/5
  3115 | D:3      | 3115 ||| INVOKING Berserk.
  3120 | D:3      | Reached skill level 8 in Axes
  3271 | D:3      | 3271 ||| UPGRADING to ring of poison resistance.
  3272 | D:3      | 3272 ||| DRINKING 2 metallic white potions.
  3358 | D:4      | 3358 ||| INVOKING Berserk.
  3360 | D:4      | HP: 13/78 [white imp/puff of frost (9)]
  3360 | D:4      | HP: 6/78 [white imp/puff of frost (7)]
  3383 | D:4      | 3383 ||| FLEEEEING.
  3386 | D:4      | 3386 ||| STAIRDANCE
  3654 | D:4      | 3654 ||| Stepping ~*~*~tactically~*~*~ (stealth).
  3660 | D:4      | Reached skill level 9 in Axes
  3663 | D:4      | Found a transporter.
  3663 | D:4      | Noticed Sigmund
  3664 | D:4      | 3664 ||| Stepping ~*~*~tactically~*~*~ (stealth).
  3666 | D:4      | 3666 ||| Stepping ~*~*~tactically~*~*~ (hiding).
  3670 | D:4      | 3670 ||| INVOKING Berserk.
  3677 | D:4      | Killed Sigmund
  3678 | D:4      | Reached XP level 7. HP: 61/61 MP: 6/6
  3692 | D:4      | Noticed qw's ghost (amateur GrBe)
  3959 | D:4      | 3959 ||| INVOKING Berserk.
  3965 | D:4      | Reached skill level 10 in Axes
  4062 | D:4      | 4062 ||| Stepping ~*~*~tactically~*~*~ (hiding).
  4242 | D:4      | Found a transporter.
  4266 | D:4      | 4266 ||| INVOKING Berserk.
  4269 | D:4      | Reached skill level 1 in Throwing
  4464 | D:4      | 4464 ||| READING scroll labelled RAAC WENAMOASO.
  4465 | D:4      | 4465 ||| DRINKING 3 fizzy purple potions.
  4474 | D:5      | Entered Level 5 of the Dungeon
  4475 | D:5      | 4475 ||| PLANNING OSSUARY
  4478 | D:5      | 4478 ||| Stepping ~*~*~tactically~*~*~ (stealth).
  4489 | D:5      | Reached skill level 3 in Dodging
  4494 | D:5      | Reached XP level 8. HP: 38/70 MP: 7/7
  4500 | D:5      | Reached skill level 6 in Fighting
  4579 | D:5      | 4579 ||| FLEEEEING.
  4582 | D:5      | 4582 ||| STAIRDANCE
  4661 | D:5      | 4661 ||| Stepping ~*~*~tactically~*~*~ (stealth).
  4665 | D:5      | 4665 ||| INVOKING Berserk.
  4780 | D:5      | 4780 ||| Stepping ~*~*~tactically~*~*~ (stealth).
  4833 | D:5      | 4833 ||| INVOKING Berserk.
  4835 | D:5      | Reached skill level 11 in Axes
  4882 | D:5      | 4882 ||| DROPPING +2 whip of flaming.
  4889 | D:5      | 4889 ||| INVOKING Berserk.
  5082 | D:5      | 5082 ||| Stepping ~*~*~tactically~*~*~ (stealth).
  5098 | D:5      | 5098 ||| Stepping ~*~*~tactically~*~*~ (stealth).
  5101 | D:5      | 5101 ||| INVOKING Berserk.
  5113 | D:5      | Reached skill level 12 in Axes
  5163 | D:5      | 5163 ||| Stepping ~*~*~tactically~*~*~ (stealth).
  5209 | D:5      | 5209 ||| RIP OSSUARY
  5211 | D:5      | 5211 ||| PLANNING D:1-11
  5247 | D:5      | 5247 ||| Stepping ~*~*~tactically~*~*~ (hiding).
  5253 | D:5      | 5253 ||| INVOKING Berserk.
  5293 | D:5      | 5293 ||| Stepping ~*~*~tactically~*~*~ (stealth).
  5295 | D:5      | 5295 ||| FLEEEEING.
  5296 | D:5      | 5296 ||| Stepping ~*~*~tactically~*~*~ (hiding).
  5298 | D:5      | 5298 ||| FLEEEEING.
  5304 | D:5      | Reached **** piety under Trog
  5309 | D:5      | 5309 ||| FLEEEEING.
  5310 | D:5      | 5310 ||| FLEEEEING.
  5311 | D:5      | 5311 ||| FLEEEEING.
  5312 | D:5      | 5312 ||| FLEEEEING.
  5313 | D:5      | 5313 ||| FLEEEEING.
  5314 | D:5      | 5314 ||| FLEEEEING.
  5315 | D:5      | 5315 ||| FLEEEEING.
  5316 | D:5      | 5316 ||| FLEEEEING.
  5317 | D:5      | 5317 ||| FLEEEEING.
  5318 | D:5      | 5318 ||| FLEEEEING.
  5319 | D:5      | 5319 ||| FLEEEEING.
  5320 | D:5      | 5320 ||| FLEEEEING.
  5321 | D:5      | 5321 ||| FLEEEEING.
  5322 | D:5      | 5322 ||| FLEEEEING.
  5323 | D:5      | 5323 ||| FLEEEEING.
  5324 | D:5      | 5324 ||| STAIRDANCE
  5402 | D:4      | 5402 ||| UPGRADING to +0 chain mail.
  5412 | D:4      | 5412 ||| DROPPING +0 scale mail.
  5413 | D:4      | 5413 ||| DROPPING +2 leather armour of fire resistance.
  5414 | D:4      | 5414 ||| READING scroll labelled JOBURA YPRAWK.
  5426 | D:5      | Reached skill level 3 in Armour
  5426 | D:5      | Reached XP level 9. HP: 70/79 MP: 8/8
  5471 | D:5      | 5471 ||| DROPPING +0 flail.
  5498 | D:5      | 5498 ||| SWAPPING to +0 war axe.
  5499 | D:5      | 5499 ||| DROPPING +0 hand axe.
  5586 | D:5      | 5586 ||| Stepping ~*~*~tactically~*~*~ (stealth).
  5663 | D:5      | You fall into a shaft and drop 1 floor!
  5665 | D:6      | 5665 ||| Stepping ~*~*~tactically~*~*~ (stealth).
  5669 | D:6      | 5669 ||| Stepping ~*~*~tactically~*~*~ (hiding).
  5938 | D:5      | 5938 ||| DROPPING +1 flail of holy wrath.
  6144 | D:5      | Found a shimmering altar of Xom.
  6147 | D:5      | 6147 ||| FLEEEEING.
  6148 | D:5      | 6148 ||| FLEEEEING.
  6149 | D:5      | 6149 ||| FLEEEEING.
  6155 | D:5      | 6155 ||| STAIRDANCE
  6209 | D:4      | 6209 ||| UPGRADING to +1 pair of gloves.
  6214 | D:4      | 6214 ||| DRINKING 2 fizzy orange potions.
  6215 | D:4      | 6215 ||| DROPPING potion of flight.
  6253 | D:5      | Reached skill level 13 in Axes
  6324 | D:6      | 6324 ||| INVOKING Berserk.
  6345 | D:6      | 6345 ||| STAIRDANCE
  6577 | D:6      | 6577 ||| READING scroll of enchant armour.
  6577 | D:6      | 6577 ||| ENCHANTING +1 pair of gloves.
  6591 | D:6      | 6591 ||| INVOKING Berserk.
  6722 | D:6      | 6722 ||| INVOKING Berserk.
  6812 | D:6      | Found a staircase to the Ecumenical Temple.
  6966 | D:6      | 6966 ||| Stepping ~*~*~tactically~*~*~ (stealth).
  6983 | D:6      | 6983 ||| INVOKING Berserk.
  7799 | D:6      | 7799 ||| READING scroll labelled KONATW ESTE.
  7800 | D:6      | 7800 ||| READING 3 scrolls of identify.
  7800 | D:6      | 7800 ||| IDENTIFYING amethyst potion
  7801 | D:6      | 7801 ||| READING 2 scrolls of identify.
  7801 | D:6      | 7801 ||| IDENTIFYING glowing silvery potion
  7802 | D:6      | 7802 ||| DROPPING potion of magic.
  7803 | D:6      | 7803 ||| DROPPING potion of degeneration.
  7850 | D:7      | 7850 ||| Stepping ~*~*~tactically~*~*~ (stealth).
  7851 | D:7      | 7851 ||| Stepping ~*~*~tactically~*~*~ (stealth).
  7876 | D:7      | 7876 ||| INVOKING Berserk.
  7918 | D:7      | 7918 ||| FLEEEEING.
  7919 | D:7      | 7919 ||| FLEEEEING.
  7969 | D:7      | 7969 ||| Stepping ~*~*~tactically~*~*~ (hiding).
  7971 | D:7      | 7971 ||| Stepping ~*~*~tactically~*~*~ (hiding).
  7973 | D:7      | 7973 ||| Stepping ~*~*~tactically~*~*~ (hiding).
  7999 | D:7      | 7999 ||| INVOKING Berserk.
  8018 | D:7      | Reached skill level 14 in Axes
  8340 | D:7      | 8340 ||| DROPPING scarf of shadows.
  8341 | D:7      | 8341 ||| UPGRADING to +0 pair of boots.
  8346 | D:7      | 8346 ||| READING scroll labelled SICROR PUPRUOM.
  8513 | D:7      | 8513 ||| DRINKING 2 fuming purple potions.
  8551 | D:8      | Reached XP level 10. HP: 70/88 MP: 9/9
  8555 | D:8      | 8555 ||| FLEEEEING.
  8556 | D:8      | 8556 ||| FLEEEEING.
  8557 | D:8      | 8557 ||| FLEEEEING.
  8558 | D:8      | 8558 ||| FLEEEEING.
  8559 | D:8      | 8559 ||| FLEEEEING.
  8560 | D:8      | 8560 ||| STAIRDANCE
  8662 | D:8      | 8662 ||| Stepping ~*~*~tactically~*~*~ (stealth).
  8685 | D:8      | Found a glowing golden altar of the Shining One.
  8688 | D:8      | Found a glowing silver altar of Zin.
  8695 | D:8      | Found a shimmering blue altar of Sif Muna.
  8698 | D:8      | Found a broken altar of Ashenzari.
  8698 | D:8      | Found a blossoming altar of Fedhas.
  8705 | D:8      | Found a stormy altar of Qazlal.
  8706 | D:8      | 8706 ||| Stepping ~*~*~tactically~*~*~ (hiding).
  8718 | D:8      | Reached skill level 6 in Armour
  8727 | D:8      | 8727 ||| INVOKING Berserk.
  8728 | D:8      | Noticed a two-headed ogre
  8733 | D:8      | Found an ancient bone altar of Kikubaaqudgha.
  8738 | D:8      | Killed a two-headed ogre
  8752 | D:8      | Reached skill level 15 in Axes
  8755 | D:8      | HP: 22/89 [orc priest/nerve-wracking pain (3)]
  8756 | D:8      | 8756 ||| READING 6 scrolls of teleportation.
  8756 | D:8      | HP: 8/89 [orc/+0 hand axe (4)]
  8757 | D:8      | 8757 ||| DRINKING potion of heal wounds.
  8781 | D:8      | 8781 ||| Stepping ~*~*~tactically~*~*~ (stealth).
  8785 | D:8      | 8785 ||| INVOKING Berserk.
  8788 | D:8      | HP: 26/135 [orc priest/divine providence (13)]
  9149 | D:8      | Found a flagged portal.
  9258 | D:8      | 9258 ||| Stepping ~*~*~tactically~*~*~ (stealth).
  9272 | D:8      | 9272 ||| DROPPING ring of willpower.
  9273 | D:8      | 9273 ||| UPGRADING to +4 ring of slaying {mikee}.
  9275 | D:8      | 9275 ||| READING 5 scrolls of teleportation.
  9337 | D:8      | Noticed Pikel
  9347 | D:8      | Killed Pikel
  9348 | D:8      | Reached skill level 9 in Fighting
  9672 | D:8      | 9672 ||| DROPPING ring of magical power.
  9673 | D:8      | 9673 ||| READING 2 scrolls of identify.
  9673 | D:8      | 9673 ||| IDENTIFYING sedimented golden potion
  9723 | D:9      | 9723 ||| Stepping ~*~*~tactically~*~*~ (stealth).
  9725 | D:9      | 9725 ||| Stepping ~*~*~tactically~*~*~ (hiding).
  9734 | D:9      | 9734 ||| INVOKING Berserk.
  9747 | D:9      | Reached skill level 16 in Axes
  9908 | D:9      | 9908 ||| Stepping ~*~*~tactically~*~*~ (stealth).
  9910 | D:9      | 9910 ||| Stepping ~*~*~tactically~*~*~ (stealth).
  9912 | D:9      | 9912 ||| Stepping ~*~*~tactically~*~*~ (stealth).
  9987 | D:9      | Reached ***** piety under Trog
 10022 | D:9      | 10022 ||| Stepping ~*~*~tactically~*~*~ (stealth).
 10028 | D:9      | Reached XP level 11. HP: 87/99 MP: 10/10
 10076 | D:9      | 10076 ||| Stepping ~*~*~tactically~*~*~ (stealth).
 10077 | D:9      | 10077 ||| Stepping ~*~*~tactically~*~*~ (stealth).
 10096 | D:9      | 10096 ||| INVOKING Berserk.
 10403 | D:9      | Noticed Erolcha
 10405 | D:9      | 10405 ||| INVOKING Trog's Hand.
 10406 | D:9      | 10406 ||| INVOKING Brothers in Arms.
 10407 | D:9      | 10407 ||| INVOKING Berserk.
 10413 | D:9      | Killed Erolcha
 10415 | D:9      | Noticed a two-headed ogre
 10420 | D:9      | Killed a two-headed ogre
 10519 | D:9      | Reached skill level 9 in Armour
 11150 | D:9      | 11150 ||| DROPPING +6 ring of dexterity.
 11151 | D:9      | 11151 ||| READING scroll labelled ZISYH QOXO.
 11152 | D:9      | 11152 ||| READING scroll labelled WOREID GEEDOD.
 11153 | D:9      | 11153 ||| READING 2 scrolls of identify.
 11153 | D:9      | 11153 ||| IDENTIFYING white potion
 11154 | D:9      | 11154 ||| DROPPING potion of brilliance.
 11178 | D:10     | Entered Level 10 of the Dungeon
 11181 | D:10     | Found a staircase to the Lair.
 11349 | D:10     | 11349 ||| READING scroll of enchant weapon.
 11349 | D:10     | 11349 ||| ENCHANTING +0 spectral war axe.
 11356 | D:10     | 11356 ||| INVOKING Berserk.
 11502 | D:10     | Noticed an obsidian statue
 11502 | D:10     | Noticed a two-headed ogre
 11503 | D:10     | 11503 ||| INVOKING Brothers in Arms.
 11505 | D:10     | 11505 ||| INVOKING Berserk.
 11509 | D:10     | Killed a two-headed ogre
 11510 | D:10     | Reached skill level 12 in Fighting
 11524 | D:10     | Killed an obsidian statue
 11612 | D:10     | 11612 ||| Stepping ~*~*~tactically~*~*~ (stealth).
 11614 | D:10     | 11614 ||| Stepping ~*~*~tactically~*~*~ (stealth).
 11618 | D:10     | 11618 ||| Stepping ~*~*~tactically~*~*~ (stealth).
 11732 | D:10     | 11732 ||| FLEEEEING.
 11785 | D:10     | 11785 ||| INVOKING Berserk.
 12057 | D:10     | 12057 ||| PLANNING LAIR
 12057 | D:10     | 12057 ||| UPGRADING to +0 buckler.
 12062 | D:10     | 12062 ||| UPGRADING to +1 plate armour of cold resistance.
 12072 | D:10     | 12072 ||| DROPPING +0 chain mail.
 12080 | Lair:1   | Entered Level 1 of the Lair of Beasts
 12101 | Lair:1   | Reached skill level 1 in Shields
 12147 | Lair:1   | 12147 ||| Stepping ~*~*~tactically~*~*~ (stealth).
 12170 | Lair:1   | 12170 ||| INVOKING Berserk.
 12175 | Lair:1   | Reached skill level 3 in Shields
 12303 | Lair:1   | 12303 ||| INVOKING Berserk.
 12418 | Lair:1   | 12418 ||| INVOKING Berserk.
 12455 | Lair:1   | 12455 ||| Stepping ~*~*~tactically~*~*~ (stealth).
 12457 | Lair:1   | 12457 ||| Stepping ~*~*~tactically~*~*~ (stealth).
 12462 | Lair:1   | 12462 ||| INVOKING Berserk.
 12605 | Lair:1   | 12605 ||| Stepping ~*~*~tactically~*~*~ (stealth).
 12609 | Lair:1   | 12609 ||| Stepping ~*~*~tactically~*~*~ (stealth).
 12617 | Lair:1   | 12617 ||| INVOKING Berserk.
 12621 | Lair:1   | Reached skill level 6 in Shields
 12621 | Lair:1   | Reached XP level 12. HP: 113/113 MP: 11/11
 12641 | Lair:1   | 12641 ||| Stepping ~*~*~tactically~*~*~ (stealth).
 12657 | Lair:1   | 12657 ||| Stepping ~*~*~tactically~*~*~ (stealth).
 12670 | Lair:1   | 12670 ||| INVOKING Berserk.
 12845 | Lair:1   | 12845 ||| INVOKING Berserk.
 13102 | Lair:1   | 13102 ||| Stepping ~*~*~tactically~*~*~ (stealth).
 13515 | Lair:1   | 13515 ||| READING scroll labelled KUAPYFAUTE.
 13516 | Lair:1   | 13516 ||| READING 3 scrolls of identify.
 13516 | Lair:1   | 13516 ||| IDENTIFYING golden potion
 13517 | Lair:1   | 13517 ||| READING 2 scrolls of identify.
 13517 | Lair:1   | 13517 ||| IDENTIFYING bubbling emerald potion
 13518 | Lair:1   | 13518 ||| DROPPING potion of attraction.
 13522 | Lair:2   | 13522 ||| STAIRDANCE
 13531 | Lair:2   | 13531 ||| STAIRDANCE
 13645 | Lair:2   | 13645 ||| INVOKING Berserk.
 13665 | Lair:2   | 13665 ||| STAIRDANCE
 13869 | Lair:2   | 13869 ||| Stepping ~*~*~tactically~*~*~ (stealth).
 13870 | Lair:2   | 13870 ||| Stepping ~*~*~tactically~*~*~ (stealth).
 13990 | Lair:2   | 13990 ||| INVOKING Berserk.
 14001 | Lair:2   | 14001 ||| INVOKING Brothers in Arms.
 14002 | Lair:2   | 14002 ||| Stepping ~*~*~tactically~*~*~ (water).
 14452 | Lair:2   | Reached skill level 12 in Armour
 14463 | Lair:2   | Found a hole to the Spider Nest.
 14639 | Lair:2   | 14639 ||| INVOKING Berserk.
 14753 | Lair:2   | 14753 ||| INVOKING Berserk.
 15028 | Lair:2   | Found a staircase to the Shoals.
 15036 | Lair:2   | Reached skill level 9 in Shields
 15115 | Lair:3   | 15115 ||| Stepping ~*~*~tactically~*~*~ (stealth).
 15117 | Lair:3   | 15117 ||| Stepping ~*~*~tactically~*~*~ (stealth).
 15169 | Lair:3   | 15169 ||| SWAPPING to +0 broad axe.
 15170 | Lair:3   | 15170 ||| DROPPING +1 spectral war axe.
 15520 | Lair:3   | Noticed a death yak
 15521 | Lair:3   | Noticed a death yak
 15522 | Lair:3   | Noticed a death yak
 15524 | Lair:3   | Noticed a death yak
 15524 | Lair:3   | Noticed a death yak
 15526 | Lair:3   | 15526 ||| INVOKING Berserk.
 15530 | Lair:3   | Killed a death yak
 15534 | Lair:3   | Killed a death yak
 15535 | Lair:3   | Killed a death yak
 15538 | Lair:3   | Reached skill level 17 in Axes
 15538 | Lair:3   | Reached XP level 13. HP: 110/122 MP: 12/12
 16004 | Lair:3   | 16004 ||| READING scroll labelled REHYOKHOULL.
 16004 | Lair:3   | Identified a scroll of acquirement
 16005 | Lair:3   | 16005 ||| READING scroll of acquirement.
 16005 | Lair:3   | 16005 ||| ACQUIRING +9 crystal plate armour "Jomem" {rPois
                  | rF- Int+4 Dex+6}
 16005 | Lair:3   | Acquired the +9 crystal plate armour "Jomem" {rPois rF-
                  | Int+4 Dex+6}
 16007 | Lair:3   | 16007 ||| UPGRADING to +9 crystal plate armour "Jomem"
                  | {rPois rF- Int+4 Dex+6}.
 16017 | Lair:3   | 16017 ||| REMOVING ring of poison resistance.
 16018 | Lair:3   | 16018 ||| DROPPING +1 plate armour of cold resistance.
 16019 | Lair:3   | 16019 ||| UPGRADING to +4 ring of evasion.
 16020 | Lair:3   | 16020 ||| DRINKING 2 glowing purple potions.
 16059 | Lair:3   | 16059 ||| DROPPING potion of lignification.
 16086 | Lair:4   | 16086 ||| READING scroll of enchant armour.
 16086 | Lair:4   | 16086 ||| ENCHANTING +0 pair of boots.
 16166 | Lair:4   | 16166 ||| INVOKING Berserk.
 16318 | Lair:4   | 16318 ||| Stepping ~*~*~tactically~*~*~ (cloud).
 16322 | Lair:4   | 16322 ||| INVOKING Brothers in Arms.
 16323 | Lair:4   | 16323 ||| INVOKING Brothers in Arms.
 16324 | Lair:4   | 16324 ||| INVOKING Brothers in Arms.
 16327 | Lair:4   | 16327 ||| INVOKING Berserk.
 16342 | Lair:4   | 16342 ||| Stepping ~*~*~tactically~*~*~ (cloud).
 16343 | Lair:4   | 16343 ||| INVOKING Brothers in Arms.
 16344 | Lair:4   | 16344 ||| SWAPPING to +0 morningstar.
 16345 | Lair:4   | 16345 ||| Stepping ~*~*~tactically~*~*~ (outnumbered).
 16347 | Lair:4   | 16347 ||| Stepping ~*~*~tactically~*~*~ (outnumbered).
 16348 | Lair:4   | 16348 ||| INVOKING Brothers in Arms.
 16350 | Lair:4   | HP: 30/122 [four-headed hydra (1)]
 16355 | Lair:4   | HP: 15/122 [four-headed hydra (1)]
 16357 | Lair:4   | HP: 2/122 [cane toad (8)]
 16357 | Lair:4   | Slain by a four-headed hydra

Levels and vault maps discovered:
D:1:      dpeg_arrival_rooms_b, layout_loops_ring,
          hellmonk_ecumenical_altar_defaced_shrine
D:2:      layout_basic, minmay_distorted
D:3:      layout_basic, minmay_ogre_servants, uniq_natasha
D:4:      layout_cave_pools, gammafunk_ghost_mausoleum, serial_demonic,
          serial_demonic_c, serial_demonic_f, serial_demonic_f,
          serial_demonic_f, uniq_sigmund
D:5:      layout_cave_pools, kb_xom_exploding_sheep, serial_undead,
          serial_undead_f, serial_undead_b, serial_undead_c, serial_undead_e,
          serial_undead_c, serial_undead_b, serial_undead_a, serial_undead_f,
          serial_undead_b, serial_undead_a, nicolae_ossuary_entry_plus,
          minmay_bent
D:6:      layout_layer_cave, minmay_temple_entry_glassed_door
D:7:      layout_rooms
D:8:      layout_cave_pools, nicolae_overflow_hallway_of_the_gods,
          enter_bailey_3, kennysheep_dice, uniq_pikel
D:9:      layout_stronghold, minivault_26, hangedman_decor_opposing,
          uniq_erolcha
D:10:     layout_basic, lair_entry_dummy, minivault_16, nrook_pool_corridor,
          dreamdust_wishing_well, chequers_serial_rivers_micro_e
Lair:1:   layout_loops_ring, st_stairs_12, serial_bayou_pond_b,
          serial_bayou_pond_e, infiniplex_staircase_pool_2
Lair:2:   layout_cave_pods, minmay_shoals_entry_hut, spider_nest_entry_rubble,
          serial_rivers, chequers_serial_rivers_large_a,
          chequers_serial_rivers_marsh, chequers_serial_rivers_micro_e,
          chequers_serial_rivers_marsh, chequers_serial_rivers_micro_a,
          chequers_serial_rivers_room_b
Lair:3:   layout_chaotic_city, cheibrodos_lair_caveside_slide
Lair:4:   layout_hall_layers, portal_ice_cave_demonic_guard,
          amcnicky_mini_pool_medium

Skill      XL: |  1  2  3  4  5  6  7  8  9 10 11 12 13 |
---------------+----------------------------------------+-----
Axes           | 4 5 6 7 9 10 12 14 16 17 | 17.9
Fighting       | 4 5 7 8 10 12 13 | 13.2
Throwing       | 1 2 |  2.5
Dodging        | 3 4 5 |  5.4
Armour         | 3 5 7 9 12 | 12.0
Shields        | 6 9 |  9.1

Action                   |  1- 3 |  4- 6 |  7- 9 | 10-12 | 13-15 || total
-------------------------+-------+-------+-------+-------+-------++-------
Melee: Hand axe          |    92 |    60 |   151 |       |       ||   303
       Headbutt          |    13 |     8 |    47 |    80 |     7 ||   155
       Punch             |       |     1 |     2 |     1 |       ||     4
       War axe           |       |       |   143 |   340 |       ||   483
       Broad axe         |       |       |       |    23 |    44 ||    67
       Morningstar       |       |       |       |       |     3 ||     3
Throw: Boomerang         |     7 |    15 |    53 |    40 |    18 ||   133
Invok: Berserk           |     1 |     5 |    13 |    20 |     2 ||    41
       Brothers in Arms  |       |       |       |     3 |     3 ||     6
       Trog's Hand       |       |       |       |     1 |       ||     1
  Use: Scroll            |     9 |       |     7 |    10 |     3 ||    29
       Potion            |     1 |     1 |     3 |     1 |     1 ||     7
 Stab: Distracted        |       |       |       |     3 |       ||     3
       Petrified         |       |       |       |       |     2 ||     2
       Petrifying        |       |       |       |       |     1 ||     1
Armor: Scale mail        |    20 |    25 |    42 |       |       ||    87
       Chain mail        |       |       |    54 |    68 |       ||   122
       Plate armour      |       |       |       |    59 |     6 ||    65
       Crystal plate arm |       |       |       |       |   139 ||   139
Dodge: Dodged            |    55 |    33 |   108 |   130 |    43 ||   369
Block: Buckler           |       |       |       |    20 |    24 ||    44

Table legend:
 A = Non-vault XP
 B = Vault XP
 C = Vault XP percentage of total XP
 D = Non-vault monster count
 E = Vault monster count
 F = Vault count percentage of total count
                 A         B        C        D         E       F
            +---------+---------+-------+---------+---------+-------
      Total |   39151 |    5643 |  12.6 |     343 |      66 |  16.1
            +---------+---------+-------+---------+---------+-------
        D:1 |      31 |       8 |  20.5 |      18 |       2 |  10.0
        D:2 |      44 |       5 |  10.2 |      20 |       2 |   9.1
        D:3 |     255 |     164 |  39.1 |      29 |      10 |  25.6
        D:4 |     432 |     318 |  42.4 |      22 |      10 |  31.2
        D:5 |     711 |    1340 |  65.3 |      26 |      26 |  50.0
        D:6 |    1122 |       0 |   0.0 |      20 |       0 |   0.0
        D:7 |     926 |       0 |   0.0 |      18 |       0 |   0.0
        D:8 |    2191 |     786 |  26.4 |      27 |       7 |  20.6
        D:9 |    6000 |     857 |  12.5 |      45 |       1 |   2.2
       D:10 |    2961 |     610 |  17.1 |      21 |       1 |   4.5
     Lair:1 |    7120 |     493 |   6.5 |      34 |       2 |   5.6
     Lair:2 |    5921 |     533 |   8.3 |      27 |       2 |   6.9
     Lair:3 |    8536 |       0 |   0.0 |      25 |       0 |   0.0
     Lair:4 |    2901 |     529 |  15.4 |      11 |       3 |  21.4
            +---------+---------+-------+---------+---------+-------
